 Dungeon Crawl Stone Soup version 0.20-a0-1036-g4d371cd (webtiles) character file.

93 M4edhros the Sneak (level 4, -2/28 HPs)
             Began as an Octopode Artificer on Apr 22, 2017.
             Slain by a gnoll
             ... wielding a +0 spear
              (5 damage)
             ... on level 3 of the Dungeon.
             The game lasted 00:01:13 (914 turns).

M4edhros the Sneak (Octopode Artificer)              Turns: 914, Time: 00:01:14

Health: -2/28      AC:  1    Str: 11    XL:     4   Next: 61%
Magic:  6/6        EV: 13    Int: 13    God:
Gold:   82         SH:  0    Dex: 13    Spells: 3/3 levels left

rFire    + . .     SeeInvis +   a - +0 short sword
rCold    x . .     Gourm    .   (no shield)
rNeg     . . .     Faith    .   (helmet restricted)
rPois    .         Spirit   .   (no amulet)
rElec    .         Reflect  .   h - ring of fire
rCorr    .         Harm     .   l - ring of see invisible
MR       .....                  (no ring)
Stlth    ++++......             (no ring)
Regen    0.1/turn               (no ring)
MPRegen  0.1/turn               (no ring)
                                (no ring)
                                (no ring)

@: no status effects
A: almost no armour, stealthy swim, amphibious, 8 rings, constrict 8, camouflage
1, gelatinous body 1
a: no special abilities


You were on level 3 of the Dungeon.
You were not hungry.

You visited 1 branch of the dungeon, and saw 4 of its levels.

You collected 82 gold pieces.

Inventory:

Hand Weapons
 a - a +0 short sword (weapon)
Jewellery
 h - a ring of fire (left tentacle)
 l - a ring of see invisible (right tentacle)
Wands
 b - a wand of flame (12/48)
 c - a wand of enslavement (9/24)
 d - a wand of random effects (15/48)
Scrolls
 e - a scroll of enchant armour {unknown}
 i - a scroll of identify {unknown}
Potions
 g - a potion of degeneration {unknown}
 j - 2 potions of haste {unknown}
 k - a potion of curing {unknown}
Comestibles
 f - a bread ration
 m - 3 chunks of flesh


   Skills:
 - Level 1.0 Fighting
 - Level 1.0 Short Blades
 - Level 2.0 Dodging
 + Level 6.2 Stealth
 - Level 3.2 Evocations


You had 3 spell levels left.
You didn't know any spells.

Dungeon Overview and Level Annotations

Branches:
Dungeon (4/15)
 Temple: D:4-7

Altars:


Innate Abilities, Weirdness & Mutations

You cannot wear most types of armour.
You are very stealthy in the water. (Stealth+)
You are amphibious.
You can wear up to eight rings at the same time.
You can use your tentacles to constrict eight enemies at once.
Your skin changes colour to match your surroundings (Stealth+).
Your rubbery body absorbs attacks. (AC +1, EV +1)


Message History

The gnoll closely misses you.
Evoke which item? (* to show all) (? for menu, Esc to quit)
Aiming: Enslavement
Press: ? - help, Shift-Dir - straight line, f/p - gnoll
Aim: a gnoll, wielding a spear (moderately wounded, chance to defeat MR: 64%)
The gnoll struggles to resist.
This wand has 11 charges left.
The gnoll barely misses you.
Evoke which item? (* to show all) (? for menu, Esc to quit)
Aiming: Enslavement
Press: ? - help, Shift-Dir - straight line, f/p - gnoll
Aim: a gnoll, wielding a spear (moderately wounded, chance to defeat MR: 64%)
The gnoll struggles to resist.
This wand has 10 charges left.
The gnoll misses you.
Evoke which item? (* to show all) (? for menu, Esc to quit)
Aiming: Enslavement
Press: ? - help, Shift-Dir - straight line, f/p - gnoll
Aim: a gnoll, wielding a spear (moderately wounded, chance to defeat MR: 64%)
The gnoll struggles to resist.
This wand has 9 charges left.
The gnoll hits you with a spear.
You die...

#.# #.# #.#
#### #.# ..#
#.# #.# #.# ...
#.####.## ....
#@......+.....
#g####.##.....
#.# ##.##.....
#.# #.........
##.###.......##
.............#
.#.###.รท.....#
+.. #.......#
#.......#


You could see a gnoll.

Vanquished Creatures
  Jessica (D:3)
  A gnoll (D:4)
  3 adders
  A dart slug (D:1)
  An orc (D:3)
  A ball python (D:4)
  A giant cockroach (D:3)
  2 goblins (D:1)
  5 hobgoblins
  A kobold (D:1)
  A bat (D:1)
  2 frilled lizards
20 creatures vanquished.

Vanquished Creatures (collateral kills)
  A gnoll (D:4)
  An orc (D:4)
2 creatures vanquished.

Grand Total: 22 creatures vanquished

Notes
Turn   | Place    | Note
-------+----------+-------------------------------------------
     0 | D:1      | M4edhros the Octopode Artificer began the quest for the Orb.
     0 | D:1      | Reached XP level 1. HP: 13/13 MP: 3/3
    22 | D:1      | Reached skill level 2 in Stealth
    71 | D:1      | Reached XP level 2. HP: 12/18 MP: 4/4
    73 | D:1      | Reached skill level 3 in Stealth
   471 | D:2      | Reached skill level 4 in Stealth
   471 | D:2      | Reached XP level 3. HP: 15/23 MP: 5/5
   610 | D:3      | Noticed Jessica
   614 | D:3      | Killed Jessica
   614 | D:3      | Reached skill level 5 in Stealth
   709 | D:3      | Reached XP level 4. HP: 13/28 MP: 6/6
   883 | D:4      | Reached skill level 6 in Stealth
   885 | D:4      | Noticed a phantom
   914 | D:3      | Slain by a gnoll

Vault maps used:
D:1:      tarquinn_simple_flora_water_e
D:2:      lemuel_round_altar
D:3:      uniq_ijyb, uniq_jessica
D:4:      overflow_temple_1_default, overflow_temple_1_default, serial_shops,
          shop, uniq_duvessa

Skill      XL: |  1  2  3  4 |
---------------+-------------+-----
Stealth        | 2 4 5 6 |  6.2
Fighting       | |  1.0
Short Blades   | |  1.0
Dodging        | |  2.0
Evocations     | |  3.2

Action                   |  1- 3 |  4- 6 || total
-------------------------+-------+-------++-------
Melee: Short sword       |    41 |     5 ||    46
       Constrict         |     9 |     2 ||    11
       Tentacles         |     4 |     1 ||     5
Evoke: Wand              |       |     9 ||     9
 Stab: Sleeping          |     4 |     1 ||     5
Armor: Skin              |     1 |       ||     1
Dodge: Dodged            |    25 |    11 ||    36
